 Dungeon Crawl Stone Soup version 0.29.0-11-gd7f09526c8 (webtiles) character file.

Game seed: 17288512520021051985

148 ragingrage the Magician (level 5, 0/28 HPs)
             Began as a Kobold Hedge Wizard on Sept 7, 2022.
             Slain by a gnoll
             ... wielding a +0 flail
             ... led by a gnoll bouda
              (7 damage)
             ... on level 3 of the Dungeon.
             The game lasted 00:04:41 (4464 turns).

ragingrage the Magician (Kobold Hedge Wizard)       Turns: 4464, Time: 00:04:42

Health: 0/28       AC:  4    Str: 12    XL:     5   Next: 56%
Magic:  2/11       EV: 14    Int: 16    God:
Gold:   126        SH:  0    Dex: 11    Spells: 4/12 levels left

rFire   . . .      SeeInvis .   a - +1 short sword
rCold   . . .      Faith    .   (no shield)
rNeg    . . .      Spirit   .   p - +0 robe
rPois   .          Reflect  .   c - +1 hat
rElec   .          Harm     .   m - +0 cloak
rCorr   .          Rampage  .   (no gloves)
Will    .....      Clarity  +   (no boots)
Stlth   +++.......              (no amulet)
HPRegen 0.89/turn               (no ring)
MPRegen 0.12/turn               (no ring)

@: on berserk cooldown, attractive, slowed, very slow
A: small, no large weapons, nightstalker 3, clarity, clumsy 1, regeneration 1,
strong 1
a: no special abilities


You were on level 3 of the Dungeon.
You visited 1 branch of the dungeon, and saw 3 of its levels.

You collected 126 gold pieces.

Inventory:

Hand Weapons
 a - a +1 short sword (weapon)
Missiles
 k - 6 poisoned darts
Armour
 c - a +1 hat (worn)
 m - a +0 cloak (worn)
 p - a +0 robe (worn)
Magical Staves
 b - a staff of poison
Jewellery
 v - a ring of fire
Scrolls
 e - 2 scrolls of enchant armour
 i - a scroll of butterflies
 j - a scroll of fear
 l - 2 scrolls of teleportation
 r - a scroll of identify {@*r}
Potions
 d - a potion of magic
 g - a potion of brilliance
 h - 3 potions of flight
 n - a potion of mutation
 s - a potion of attraction
 u - a potion of curing {unknown}


   Skills:
 - Level 2.4 Dodging
 - Level 2.6 Stealth
 + Level 4.3 Spellcasting
 + Level 2.9 Conjurations
 + Level 2.8 Summonings
 - Level 1.0 Translocations


You had 4 spell levels left.
You knew the following spells:

 Your Spells              Type           Power      Damage    Failure   Level
a - Magic Dart            Conj           48%        1d5       4%          1
b - Call Imp              Summ           12%        N/A       8%          2
c - Mephitic Cloud        Conj/Pois/Air  6%         N/A       32%         3
d - Blink                 Tloc           12%        N/A       16%         2

Your spell library contained the following spells:

 Spells                   Type           Power      Damage    Failure   Level
 Slow                     Hex            12%        N/A       16%         1
 Conjure Flame            Conj/Fire      8%         6-21      26%         3


Dungeon Overview and Level Annotations

Branches:
Dungeon (3/15)

Altars:
Qazlal


Innate Abilities, Weirdness & Mutations

You are small and have problems with some larger weapons.
You are completely attuned to the shadows.
You possess an exceptional clarity of mind.
You are clumsy. (Dex -2)
Your natural rate of healing is unusually fast.
Your muscles are strong. (Str +4, Int/Dex -1)


Message History

The gnoll bouda is severely wounded.
The gnoll bouda gazes fiercely through you!
You feel as though you will be weak longer.
The gnoll bouda hits you with a +0 club.
You puncture the gnoll bouda!
You kill the gnoll bouda!
The gnoll closely misses you. The gnoll hits you with a +0 halberd!
Things that are here:
a +0 club; a +0 robe You barely miss the gnoll.
You puncture the gnoll!
The gnoll is heavily wounded.
The gnoll hits you with a +0 halberd.
You hit the gnoll.
The gnoll is almost dead.
The gnoll hits you with a +0 halberd!
* * * LOW HITPOINT WARNING * * *
You closely miss the gnoll.
The gnoll is almost dead.
The gnoll barely misses you.
You hit the gnoll.
You kill the gnoll!
You puncture the gnoll!
The gnoll is heavily wounded.
You are no longer berserk.
You are exhausted.
You feel yourself slow down. The gnoll closely misses you.
You swap places.
Your crimson imp disappears in a puff of smoke!
The gnoll misses you.
It was a potion of mutation.
You feel extremely strange.
You feel clumsy.
Your thoughts seem clearer.
You begin to heal more quickly.
You feel stronger. The gnoll hits you with a +0 flail.
* * * LOW HITPOINT WARNING * * *
It was a potion of attraction.
You feel attractive to monsters.
Your attacks no longer feel as feeble.
The gnoll is no longer moving quickly.
The gnoll hits you with a +0 flail!
You die...

#.##.#..[# #...........
#.##.#########.....####..
#.##.#.......#...........
#.##.#.#####.#.#...#.##.#
#.##.#.#...#.#.....#..#.#
#########.##<#.#)#.#.#...#.#....#
.)..gg5.g.##.#.#.#...g.g...######
############.#.#.###.#........<..
#......#.#@g)..############
#####......#.#######)..........
#...'..........................
###.###.....#######....#.........
...)..#.....# #.####.........
......#..[..# #)#..#.........
......####### #.#..#.........
......# ### #.#..#.........
......########'####.#..#.).......


You could see a gnoll.

Vanquished Creatures
  A gnoll bouda (D:3)
  3 gnolls (D:3)
  An adder (D:3)
  A dart slug (D:1)
  6 bats
  7 endoplasms
  A giant cockroach (D:3)
  2 goblins
  A hobgoblin (D:1)
  5 kobolds
  3 quokkas
  2 ball pythons
  6 frilled lizards
  3 rats (D:2)
42 creatures vanquished.

Vanquished Creatures (collateral kills)
  2 adders
  2 dart slugs
  3 ball pythons (D:1)
  2 goblins
  4 hobgoblins
  2 jackals (D:1)
  A kobold (D:2)
  A rat (D:2)
17 creatures vanquished.

Grand Total: 59 creatures vanquished

Notes
Turn   | Place    | Note
-------+----------+-------------------------------------------
     0 | D:1      | ragingrage the Kobold Hedge Wizard began the quest for the
                  | Orb.
     0 | D:1      | Reached XP level 1. HP: 10/10 MP: 4/4
   320 | D:1      | Reached XP level 2. HP: 8/15 MP: 0/6
   475 | D:1      | Learned a level 2 spell: Call Imp
  1006 | D:1      | Reached XP level 3. HP: 18/19 MP: 8/8
  1173 | D:1      | HP: 1/28 [frozen (5)]
  2183 | D:2      | Learned a level 3 spell: Mephitic Cloud
  2186 | D:2      | Learned a level 2 spell: Blink
  2531 | D:2      | Reached XP level 4. HP: 17/24 MP: 5/9
  2754 | D:2      | Found a faded altar of an unknown god.
  3312 | D:3      | Reached skill level 4 in Spellcasting
  4181 | D:3      | Reached XP level 5. HP: 24/28 MP: 6/11
  4324 | D:3      | Found a stormy altar of Qazlal.
  4463 | D:3      | Gained mutation: You are clumsy. (Dex -2) [potion of
                  | mutation]
  4463 | D:3      | Gained mutation: You possess an exceptional clarity of
                  | mind. [potion of mutation]
  4463 | D:3      | Gained mutation: Your natural rate of healing is unusually
                  | fast. [potion of mutation]
  4463 | D:3      | Gained mutation: Your muscles are strong. (Str +4, Int/Dex
                  | -1) [potion of mutation]
  4464 | D:3      | Slain by a gnoll

Illustrated notes

Levels and vault maps discovered:
D:1:      amcnicky_arrival_abandoned_market, layout_loops_corners,
          minmay_quantized
D:2:      layout_loops_ring, shapermc_ecumenical_altar_venn, st_stairs_2
D:3:      layout_basic, marbit_many_paths

Skill      XL: |  1  2  3  4 |
---------------+-------------+-----
Conjurations   | 2 |  2.9
Summonings     | 2 |  2.8
Spellcasting   | 4 |  4.3
Dodging        | |  2.4
Stealth        | |  2.6
Translocations | |  1.0

Action                   |  1- 3 |  4- 6 || total
-------------------------+-------+-------++-------
Melee: Short sword       |    11 |    12 ||    23
       Staff             |     1 |     2 ||     3
Throw: Dart              |       |     4 ||     4
 Cast: Magic Dart        |    37 |    50 ||    87
       Call Imp          |    15 |     9 ||    24
  Use: Potion            |     1 |     3 ||     4
       Scroll            |       |    10 ||    10
 Stab: Sleeping          |     2 |       ||     2
Armor: Robe              |     1 |     2 ||     3
Dodge: Dodged            |    12 |    20 ||    32
